Cogmind - Beta 13 @@@ ROGUE MODE // 2024.04.07 @ 13:51:15 Player: dohmmass Result: Destroyed by Y-45 Defender with Heavy Assault Rifle Performance ------------- Evolutions (0) 0 Regions Visited (3) 600 Robots Destroyed (22) 110 Value Destroyed (350) 350 Prototype IDs (0) 0 Alien Tech Used (0) 0 Bonus (0) 0 TOTAL SCORE: 1060 Bonus ------- None Cogmind --------- Core Integrity 0/250 Matter 272/300 Energy 200/200 System Corruption 0% Temperature Cool (9) Movement Rolling (105) Location -10/Subcaves Parts ------- > --- POWER (1) -------- Subdweller Power Source > --- PROPULSION (2) --- Compact Wheel Subdweller Monowheel > --- UTILITY (2) ------ Terrain Scan Processor Medium Armor Plating > --- WEAPON (2) ------- Battle Rifle Battle Cannon > --- INVENTORY (5) ---- Terrain Scanner Medium Armor Plating Autogun Autogun Enhanced Flamer Peak State ------------ > --- POWER ------------ Subdweller Power Source > --- PROPULSION ------- Compact Wheel Subdweller Monowheel > --- UTILITY ---------- Terrain Scan Processor Medium Armor Plating > --- WEAPON ----------- Battle Rifle Battle Cannon > --- INVENTORY -------- Terrain Scanner Medium Armor Plating Autogun Autogun Enhanced Flamer [Rating: 14] Favorites ----------- Power Ion Engine Engine Ion Engine Propulsion Compact Wheel Wheel Compact Wheel Utility Medium Armor Plating Device Terrain Scanner Processor Terrain Scan Processor Protection Medium Armor Plating Weapon Autogun Ballistic Gun Autogun Ballistic Cannon Battle Cannon Special Weapon Mining Laser Build | -11 -10 -10 -10 ------- Run | Yrd Mat Min Sub Slots Evolved . | . . . . Power . | . . . . Propulsion . | . . . . Utility . | . . . . Weapon . | . . . . Parts Attached 29 | 5 10 6 8 Power 3 | 1 1 . 1 Engine 3 | 1 1 . 1 Core . | . . . . Reactor . | . . . . Propulsion 7 | 2 2 2 1 Treads . | . . . . Leg . | . . . . Wheel 7 | 2 2 2 1 Hover . | . . . . Flight . | . . . . Utility 9 | . 4 2 3 Device 2 | . . 1 1 Storage . | . . . . Processor 1 | . . 1 . Hackware . | . . . . Protection 6 | . 4 . 2 Artifact . | . . . . Weapon 10 | 2 3 2 3 Energy Gun . | . . . . Energy Cannon . | . . . . Ballistic Gun 8 | 2 3 1 2 Ballistic Cannon 1 | . . . 1 Launcher . | . . . . Special Weapon 1 | . . 1 . Impact Weapon . | . . . . Slashing Weapon . | . . . . Piercing Weapon . | . . . . Special Melee Weapon . | . . . . Unidentified Prototypes . | . . . . Parts Lost 7 | . 1 4 2 Power 2 | . 1 1 . Propulsion 3 | . . 2 1 Utility . | . . . . Weapon 2 | . . 1 1 Highest Loss Streak 4 | . 1 4 1 To Critical Strikes . | . . . . Average Slot Usage (%) 91 | . 99 85 83 Engine 9 | . 13 6 3 Wheel 25 | . 28 23 22 Device 4 | . . 12 7 Processor 7 | . . 12 14 Protection 15 | . 27 2 6 Ballistic Gun 25 | . 28 22 23 Ballistic Cannon 1 | . . . 4 Naked Turns . | . . . . Heaviest Build 25 | 9 25 23 17 Greatest Support 36 | 26 26 32 36 Greatest Overweight (x) 2 | . 1 2 . Average Overweight (x) . | . . . . Largest Inventory Capacity 5 | 5 5 5 5 Average Capacity 5 | 5 5 5 5 Most Carried 5 | 5 5 5 5 Average Carried 4 | . 4 4 4 Final Capacity 5 | 5 5 5 5 Final Carried 5 | . 5 4 5 Class Distribution -------------------- 80% | Mutant 19% | Scavenger-Mutant Dominant Class ---------------- Mutant | -10/Materials Scavenger-Mutant | -10/Mines Mutant | -10/Subcaves Resources | -11 -10 -10 -10 ----------- Run | Yrd Mat Min Sub Matter Collected 915 | 210 222 345 138 Remotely . | . . . . Salvage Created 580 | . 237 229 114 Parts 50 | . 28 10 12 Haulers Intercepted . | . . . . Recyclers Shooed 2 | . . 2 . Parts Field Recycled . | . . . . Retrieved Matter . | . . . . Parts Self-Destructed 7 | . . . 7 Prevented . | . . . . Kills | -11 -10 -10 -10 ------- Run | Yrd Mat Min Sub Combat Hostiles Destroyed 15 | . 8 2 5 Guns 15 | . 8 2 5 Classes Destroyed 6 | . 4 1 1 Builder 3 | . 3 . . Tunneler 2 | . 1 1 . Recycler 2 | . . 2 . Swarmer 10 | . 6 . 4 Grunt 4 | . 2 2 . Subdweller 1 | . . . 1 Best Kill Streak 6 | . 4 3 6 Combat Bots Only 4 | . 4 2 4 Max Kills in Single Turn 1 | . 1 1 1 Gunslinging . | . . . . Exploded . | . . . . Melee . | . . . . Uniques/NPCs Destroyed . | . . . . Combat | -11 -10 -10 -10 -------- Run | Yrd Mat Min Sub Hostile Shots Fired 156 | . 56 20 80 Missed 55 | . 15 2 38 Damage Taken 1025 | . 474 258 293 Core 262 | . 49 126 87 Absorbed by Shields . | . . . . Core Remaining (%) 100 | 100 . . . Volleys Fired 69 | . 36 21 12 Largest 2 | . 2 2 2 Hottest 64 | . 46 46 64 Shots Fired 122 | . 72 26 24 Gun 121 | . 72 26 23 Cannon 1 | . . . 1 Launcher . | . . . . Special . | . . . . Kinetic 122 | . 72 26 24 Thermal . | . . . . Explosive . | . . . . Electromagnetic . | . . . . Robot Hit Streak 8 | . 3 5 8 Robot Miss Streak 5 | . 4 5 2 Penetration Max . | . . . . Secondary Targets 1 | . . . 1 Max Gunslinging Chain 1 | . . . 1 Shots Hit Robots 62 | . 34 12 16 Core Hits 28 | . 14 8 6 Critical Kills . | . . . . Critical Parts Destroyed 2 | . 2 . . Critical Strikes 2 | . 2 . . Destroy 2 | . 2 . . Melee Attacks . | . . . . Impact . | . . . . Slashing . | . . . . Piercing . | . . . . Sneak Attacks . | . . . . Combat Hostiles . | . . . . Follow-up Attacks . | . . . . Damage Inflicted 960 | . 502 215 243 Guns 960 | . 502 215 243 Cannons . | . . . . Explosions . | . . . . Melee . | . . . . Ramming . | . . . . Kinetic 960 | . 502 215 243 Thermal . | . . . . Explosive . | . . . . Electromagnetic . | . . . . Impact . | . . . . Slashing . | . . . . Piercing . | . . . . Highest Corruption . | . . . . Average Corruption . | . . . . Corruption Purged . | . . . . Corruption Blocked . | . . . . Overload Shots . | . . . . Overflow Damage 20 | . 20 . . Projectiles . | . . . . Explosions 20 | . 20 . . Melee . | . . . . Knockbacks . | . . . . Impact . | . . . . Kinetic . | . . . . Secondary . | . . . . Self-Inflicted Damage 112 | . 112 . . Shots 1 | . 1 . . Rammed . | . . . . Targets Rammed . | . . . . Kicked . | . . . . Crushed . | . . . . Highest Temperature 194 | . 194 18 . Average Temperature 62 | . 69 9 . Received Heat Transfer 351 | . 48 150 153 Siege Activations . | . . . . Robots Corrupted . | . . . . Combat Hostiles . | . . . . Parts Fried . | . . . . Impact Corruptions . | . . . . Robots Melted . | . . . . Combat Hostiles . | . . . . Parts Melted . | . . . . Heat Transferred . | . . . . Parts Sabotaged . | . . . . Parts Stolen . | . . . . Parts Stripped . | . . . . Power Chain Reactions . | . . . . Alert | -11 -10 -10 -10 ------- Run | Yrd Mat Min Sub Peak Influence 321 | . 321 149 . Initial 124 | . . 124 . Average 130 | . 145 130 . Maximum Alert Level 1 | . 1 . . Low Security (%) 67 | 100 52 100 . Level 1 32 | . 47 . . Level 2 . | . . . . Level 3 . | . . . . Level 4 . | . . . . Level 5 . | . . . . High Security . | . . . . Max Security . | . . . . Squads Dispatched 1 | . 1 . . Investigation . | . . . . Extermination . | . . . . Reinforcement 1 | . 1 . . Assault . | . . . . Garrison . | . . . . Intercept . | . . . . Searches Triggered . | . . . . Construction Impeded . | . . . . Haulers Reinforced . | . . . . Active Scanning Responses . | . . . . Cargo Convoy Interrupts . | . . . . Stealth | -11 -10 -10 -10 --------- Run | Yrd Mat Min Sub Distress Signals 2 | . 2 . . Communications Jammed . | . . . . Distress Signals . | . . . . Times Spotted 59 | . 16 2 41 Peak Tracking Total 5 | . 5 2 4 Tactical Retreats 4 | . 2 . 2 Traps | -11 -10 -10 -10 ------- Run | Yrd Mat Min Sub Traps Triggered 1 | . 1 . . Indirectly . | . . . . Trap Hack Attempts . | . . . . Triggered . | . . . . Disarmed . | . . . . Reprogrammed . | . . . . Reused . | . . . . Traps Extracted . | . . . . Installed . | . . . . Triggered . | . . . . Machines | -11 -10 -10 -10 ---------- Run | Yrd Mat Min Sub Machines Disabled 3 | . 2 . 1 Max in Single Turn 2 | . 2 . 1 Machines Repaired . | . . . . Machines Dismantled . | . . . . Machines Sabotaged . | . . . . Overloaded Fab Kills . | . . . . Hacking | -11 -10 -10 -10 --------- Run | Yrd Mat Min Sub Machines Accessed . | . . . . Terminals . | . . . . Fabricators . | . . . . Repair Stations . | . . . . Recycling Units . | . . . . Scanalyzers . | . . . . Garrison Access . | . . . . Total Hacks . | . . . . Successful . | . . . . Failed . | . . . . Catastrophic . | . . . . Database Lockouts . | . . . . Manual . | . . . . Terminals . | . . . . Fabricators . | . . . . Repair Stations . | . . . . Recycling Units . | . . . . Scanalyzers . | . . . . Garrison Access . | . . . . Terminal Hacks . | . . . . Fabricator Hacks . | . . . . Repair Station Hacks . | . . . . Recycling Unit Hacks . | . . . . Scanalyzer . | . . . . Garrison Access Hacks . | . . . . Unauthorized Hacks . | . . . . Terminals . | . . . . Fabricators . | . . . . Repair Stations . | . . . . Recycling Units . | . . . . Scanalyzers . | . . . . Garrison Access . | . . . . Data Cores Recovered . | . . . . Used . | . . . . Hacking Detections . | . . . . Full Trace Events . | . . . . Feedback Events . | . . . . Feedback Blocked . | . . . . Robot Schematics Acquired . | . . . . Robots Built . | . . . . Authchips . | . . . . Time . | . . . . Total Robot Build Rating . | . . . . Part Schematics Acquired . | . . . . Parts Built . | . . . . Authchips . | . . . . Time . | . . . . Total Part Build Rating . | . . . . Parts Repaired . | . . . . Time . | . . . . Parts Recycled . | . . . . Recycled Matter . | . . . . Retrieved Matter . | . . . . Retrieved Components . | . . . . Parts Scanalyzed . | . . . . Part Schematics Acquired . | . . . . Parts Damaged . | . . . . Bothacking | -11 -10 -10 -10 ------------ Run | Yrd Mat Min Sub Used RIF Installer . | . . . . Robots Hacked . | . . . . Non-combat . | . . . . Combat . | . . . . Robot Hacks Applied . | . . . . Relay Couplers Released . | . . . . Fabnet Peak Effective % . | . . . . Robots Rewired . | . . . . Allies Hacked . | . . . . Hacks Repelled . | . . . . Allies | -11 -10 -10 -10 -------- Run | Yrd Mat Min Sub Total Allies . | . . . . Largest Group . | . . . . Highest-Rated Group . | . . . . Highest-Rated Ally . | . . . . Total Orders . | . . . . Ally Attacks . | . . . . Total Damage . | . . . . Kills . | . . . . Allies Corrupted . | . . . . Allies Melted . | . . . . Intel | -11 -10 -10 -10 ------- Run | Yrd Mat Min Sub Robot Analysis Total . | . . . . Derelict Logs Recovered . | . . . . Drone Launches . | . . . . Drone Recoveries . | . . . . Exploration | -11 -10 -10 -10 ------------- Run | Yrd Mat Min Sub Turns Passed 788 | 40 368 130 250 Spaces Moved 560 | 38 271 56 195 Core 12 | 10 . 2 . Treads . | . . . . Legs . | . . . . Wheels 548 | 28 271 54 195 Hover . | . . . . Flight . | . . . . Fastest Speed 50 | 50 90 90 100 Average Speed 94 | 79 90 99 102 Slowest Speed 150 | 90 115 150 105 Overloaded Moves . | . . . . Propulsion Burnouts . | . . . . Robots Hopped . | . . . . Cave-ins Triggered . | . . . . Exploration Rate (%) 15 | 3 36 10 14 Regions Visited 3 Branch Regions 2 Pre-discovered Areas . | . . . . Known Exits Taken . | . . . . Unknown Exits Taken 3 | 1 1 1 . Scrap Searched 4 | . . . 4 Spaces Dug . | . . . . Terrain Destroyed 19 | . 18 . 1 Melee . | . . . . Projectile 1 | . . . 1 AOE 18 | . 18 . . Terrain Rammed . | . . . . Walls Destroyed . | . . . . Machines Disabled . | . . . . Actions | -11 -10 -10 -10 --------- Run | Yrd Mat Min Sub Total 717 | 47 337 109 224 Wait 22 | . . 19 3 Move 557 | 37 270 55 195 Hop . | . . . . Pick Up 31 | 5 16 5 5 Fast Attach . | . . . . Attach 17 | 5 6 3 3 Detach . | . . . . Swap 12 | . 4 3 5 Drop 9 | . 5 3 1 Fire 69 | . 36 21 12 Melee . | . . . . Ram . | . . . . Kick . | . . . . Crush . | . . . . Escape Stasis . | . . . . Rewire . | . . . . Trap . | . . . . Miscellaneous . | . . . . Route ------- -11/Scrapyard -10/Materials (discovered 2 exits: [*Mat] / [*Min]) -10/Mines (discovered 2 exits: [*Mat] / [*Sub]) -10/Subcaves (discovered 1 exit: [*Rec]) History --------- Turn | Location | Event 6 | -11/Scrapyard | Discovered new exit (range 16) 41 | -11/Scrapyard | Entered Materials 100 | -10/Materials | Discovered new exit (range 8) 306 | -10/Materials | Discovered new exit (range 12) 309 | -10/Materials | Build established: Mutant 409 | -10/Materials | Entered Mines 437 | -10/Mines | Discovered new exit (range 13) 464 | -10/Mines | Core integrity fell below 50% 493 | -10/Mines | Discovered new exit (range 14) 504 | -10/Mines | Lost 4 parts (1p2n1w) 539 | -10/Mines | Entered Subcaves 542 | -10/Subcaves | Discovered new exit (range 10) 547 | -10/Subcaves | Core integrity fell below 20% 556 | -10/Subcaves | Ambushed by Subdwellers from Twisted Machinery 789 | -10/Subcaves | Destroyed by Y-45 Defender with Heavy Assault Rifle Last Messages --------------- 00689_ Searching scrap... 00689_ Found Sub. Beam Cannon. 00689_ Found Battle Rifle. 00689_ Found 40 Matter. 00690_ Acquired 30 matter. 00702_ Acquired Battle Cannon. 00704_ Acquired Battle Rifle. 00708_ Acquired 10 matter. 00715_ Searching scrap... 00715_ Found Enh. Flamer. 00715_ Found Sub. Power Source. 00715_ Found 27 Matter. 00716_ Acquired 10 matter. 00716_ Dropped Autogun. 00717_ Acquired Sub. Power Source. 00720_ Acquired Enh. Flamer. 00726_ Searching scrap... 00726_ Found Riot Gun. 00726_ Found 42 Matter. 00727_ Acquired 10 matter. Map ----- +----------------------------------------------------+ | ?????##### # #? ???????????????????? | | ????#??? # #"" ## #??????????????????? | | ?????" # %###" #?# #### ?????????????????? | | ???? ?# ??# #?? #??## ?????????????????? | | ???#""? # ??## ### #???? ?????????????????? | | ???#?? ?##"$##### ##??#?? ??????????????????? | | ????????###### [* #?????????????????????????? | | ??#??????????## ! ######?????????????????????? | | ??????????????## ! ###?#???? ??????????????????? | | ????#??????????# #??????#????????????????????? | | ??????#???#?#?## #?###??? ?????????????????? | | ????#??#?#?#?## ###??????????????????????????? | | ????????????## #??#????#????????????????????? | | ???????????## ##????????#?#????????????????? | | ??????????## ###??????????????????????????? | | ??????#??#?# ## ##?#???????????????????????? | | ???????????## #### #????????#?????????????????? | | ????????##??###??# ##?#??##????????????????????? | | ???????????##????# ###???????#????????????????? | | ????????????#??#?## ###?????#??#??????????????? | | ?????????????????## #??##???#???????????????? | | ??????? ?????#????## # ##??#????????????????????? | | ????????? ???#?##?#### ##????#????? ????????????? | | ???????????????#??????# ##?????#??#?????????????? | | ???????? ????????##?### ##?##???????????????????? | | ???????? ??? ??????### @## ####????????????????? | | ??????????? ??????## #????????????????? | | ?????????? ## # Y #?#?????????????? | | ?????????? ;# #??????????????? | | ????????? ## #??????????????? | | ?????????? ## #?????????????? | | ?????????? ?## ????????????? | | ?????????? ## ???## ??????????? | | ????????????# ? ?# ?????????? | | ??????????? ??? ??????????? | | ???????????? ???? ## # ??????????? | | ?????????????????## ##?## #?### ??????????? | | ????????????????#########?#??####????????????????? | | ????????????????????????????????#?#??????????????? | | ?????????????????????????????#???????????????????? | | ?????????????????????????#??#????????????????????? | | ?????????????????????????????????????????????????? | | ?????????????????????????????????????????????????? | | ?????????????????????????????????????????????????? | | ?????????????????????????????????????????????????? | | ?????????????????????????????????????????????????? | | ?????????????????????????????????????????????????? | | ?????????????????????????????????????????????????? | | ?????????????????????????????????????????????????? | | ?????????????????????????????????????????????????? | +----------------------------------------------------+ Best States ------------- Heat Dissipation 25 Energy Generation 15 Energy Capacity 250 Matter Stores 300 Matter Capacity 300 Sight Range 16 Terrain Scan Range 14 Terrain Scan Density 85 Armor Coverage 450 Evasion (%) 50 Item Schematics ----------------- None Robot Schematics ------------------ None Fabricated ------------ Nothing Alien Tech Used ----------------- None Achievements -------------- None Challenges ------------ None Game ------ Seed NodeSeismicDerivative Manual? 0 Play Time 00:12:45 Cumulative 25.5 hours Start 2024.04.07 @ 13:41:44 End 2024.04.07 @ 13:51:15 Sessions 1 Manual Loads 0 Difficulty Rogue Special Mode None Game No. 53 Rogue 53 Adventurer 0 Explorer 0 Win Type - Total 0 Types 0/0/0/0/0/0/0/0/0 Lore% 16 Gallery% 31 Achievement% 22 Wizard Run 0 Options --------- Layout 1 ASCII 0 Keyboard 0 Movement Mouse Keybinds 0 Fullscreen 1 Font 24/Smallcaps Map View 50x35 Zoom Use 0% Tactical HUD 1 Map Filters NONE Filters NONE Steam 1 RUN: 66fdd0d9-e688-499f-b62f-1cc5ce3ff1d0